 Dungeon Crawl Stone Soup version 0.30-a0-778-g2ef04afb54 (webtiles) character file.

Game seed: 17355822145190963274

18 Esekla the Sneak (level 2, 21/21 HPs)
             Began as an Octopode Delver on Feb 16, 2023.
             Quit the game on level 5 of the Dungeon.
             The game lasted 00:04:36 (277 turns).

Esekla the Sneak (Octopode Delver)                   Turns: 277, Time: 00:04:37

Health: 21/21      AC:  1    Str: 11    XL:     2   Next: 70%
Magic:  2/2        EV: 13    Int: 12    God:
Gold:   19         SH:  0    Dex: 13    Spells: 1/1 levels left

rFire   . . .      SeeInvis .    a - +0 falchion
rCold   . . .      Faith    .    (no shield)
rNeg    . . .      Spirit   .    (helmet restricted)
rPois   .          Reflect  .    (no amulet)
rElec   .          Harm     .    (no ring)
rCorr   .          Rampage  .    (no ring)
Will    .....                    (no ring)
Stlth   ++++                     (no ring)
HPRegen 0.23/turn                (no ring)
MPRegen 0.08/turn                (no ring)
                                 (no ring)
                                 (no ring)

@: no status effects
A: almost no armour, amphibious, 8 rings, camouflage 1, gelatinous body 1,
(nimble swimmer 1), tentacles
a: no special abilities


You were on level 5 of the Dungeon.
You visited 2 branches of the dungeon, and saw 2 of its levels.

You collected 19 gold pieces.

Inventory:

Hand Weapons
 a - a +0 falchion (weapon)
 c - the +5 whip of Volesy {venom, rF+ Will+ Int+3}
   (You found it on level 5 of the Dungeon)

   Int:       It affects your intelligence (+3).
   rF:        It protects you from fire.
   Will:      It increases your willpower.
Wands
 f - a wand of digging (3)
Scrolls
 b - a scroll of fog
 e - a scroll of enchant armour {unknown}
 g - a scroll of noise {unknown}


   Skills:
 * Level 3.1 Fighting
 * Level 2.1 Long Blades
 * Level 2.1 Dodging
 + Level 7.0 Stealth
 * Level 0.4 Spellcasting


You had one spell level left.
You didn't know any spells.
Your spell library was empty.

Dungeon Overview and Level Annotations

Branches:
Dungeon (5/15)             Temple (1/1) D:5

Altars:
Ashenzari
Dithmenos
Makhleb
Okawaru
Ru
Sif Muna
Trog
Uskayaw
The Shining One

Shops:
D:5 *:

Annotations:
D:5 Sigmund


Innate Abilities, Weirdness & Mutations

You cannot wear most types of armour.
You are amphibious.
You can wear up to eight rings at the same time.
Your skin changes colour to match your surroundings (Stealth+).
Your rubbery body absorbs attacks. (AC +1, EV +1)
((You are camouflaged when in or above water. (Stealth+)))
You have tentacles for arms and can constrict up to eight enemies at once.


Message History

There is an entrance to an ossuary on this level.
Hurry and find it before the portal is buried!
Level annotation: Sigmund
There is a staircase to the Ecumenical Temple here.
Unknown command.
There is an open door here.
Why would you want to do that? Why would you want to do that?
Why would you want to do that?
You see here an adder corpse.
You hear the slow hiss of an avalanche of sand very nearby.
There is an open door here.
The ogre shouts!
There is an open door here.
You hear the hiss of an avalanche of sand very nearby.
You open the door.
There is an open door here.
You close the door.
An ogre breaks down the door.
An ogre comes into view. It is wielding a +0 giant club.
Found a stone staircase leading down.
The ogre shouts!
You open the door.
A phantom comes into view.
Found 11 gold pieces.
Found an escape hatch in the ceiling.
There is an open door here.
An ogre comes into view. It is wielding a +0 giant spiked club.
There is an open door here.
A scorpion comes into view.
You see here a scroll labelled RIREAD VUEFF.
You hear the hiss of an avalanche of sand nearby.
You open the door.
Found Doumis's Book Shop.
Okay, then.
There is an open door here.
There is an entrance to Doumis's Book Shop here.
You can access your shopping list by pressing '$'.
As you read the scroll of fear, it crumbles to dust.
You assume a fearsome visage.
The ogre looks frightened!
You close the door.
An ogre breaks down the door.
Are you sure you want to abandon this character and quit the game? (Confirm with "yes".)

*,,,,,#O## #...,.##.# *,,,,,*
*,, #,,∩,,#.#
##'###....###,,,,,* *,,
#######.# #.....##,...,,,,,,*
*,,
........###......##'##,,,,,,*
*,,
..............W.∩....#*,,,,,*
*,,
...#######...........#*,,****
*** ...# #.....O.....#**,****
...# #.....###O..###.,,,**
...# #.....#@'.O....#,,,,***
...# #.....####.....#,,,,,,**
...# #.#'### #.....#,,,**,,,
...# #.#.# #.....#,,,*****
#### #,#.# #.#####,,,* *
*,#.# #.#############
*,#.######.##.........*#
*,#.....W..##.........*#
*,#...#####...........,*


You could see 2 ogres.

Vanquished Creatures
  2 adders (D:5)
2 creatures vanquished.

Notes
Turn   | Place    | Note
-------+----------+-------------------------------------------
     0 | D:5      | Esekla the Octopode Delver began the quest for the Orb.
     0 | D:5      | Reached XP level 1. HP: 16/16 MP: 1/1
    24 | D:5      | Noticed Sigmund
    48 | D:5      | Noticed an iguana
    57 | D:5      | Noticed a phantom
    73 | D:5      | Found Soucicab's Lightly-Used Armoury.
    81 | D:5      | Noticed an ogre
   101 | D:5      | Identified the +5 whip of Volesy {venom, rF+ Will+ Int+3}
   122 | D:5      | Reached XP level 2. HP: 15/21 MP: 2/2
   129 | D:5      | Reached skill level 7 in Stealth
   138 | D:5      | Found a staircase to the Ecumenical Temple.
   147 | Temple   | Entered the Ecumenical Temple
   229 | D:5      | Noticed an ogre
   234 | D:5      | Noticed a phantom
   243 | D:5      | Noticed an ogre
   251 | D:5      | Noticed a scorpion
   272 | D:5      | Found Doumis's Book Shop.
   277 | D:5      | Quit the game

Illustrated notes

Levels and vault maps discovered:
D:5:      layout_basic, trog_butcher_becter, minmay_temple_entry_fiery,
          enter_ossuary_4, serial_shops, kennysheep_mini, nrook_campfire,
          minmay_shop_damaged, minivault_23, dreamdust_mushroom_princess,
          minmay_misc_feat_tower, uniq_sigmund
Temple:   hellmonk_temple_micro_hex

Skill      XL: |  1  2 |
---------------+-------+-----
Stealth        | 7 |  7.0
Fighting       | |  3.1
Long Blades    | |  2.1
Dodging        | |  2.1
Spellcasting   | |  0.4

Action                     || total
---------------------------++-------
  Melee: Falchion          ||    11
         Tentacles         ||     2
         Constrict         ||     1
    Use: Scroll            ||     2
         Potion            ||     2
 Armour: Skin              ||     2
  Dodge: Dodged            ||     7

Table legend: (Time is in decaauts)
 A = Elapsed time spent in this place.
 B = Non-inter-level travel time spent in this place.
 C = Inter-level travel time spent in this place.
 D = Time resting spent in this place.
 E = Time spent auto-exploring this place.
 F = Levels seen in this place.
 G = Mean time per level.
                   A        B        C        D        E       F      G
               +--------+--------+--------+--------+--------+-----+--------+
         Total |    260 |    260 |      0 |      0 |      0 |   2 |  130.0 |
       Dungeon |    258 |    258 |      0 |      0 |      0 |   1 |  258.0 |
        Temple |      1 |      1 |      0 |      0 |      0 |   1 |    1.0 |
               +--------+--------+--------+--------+--------+-----+--------+

Top non-repeatable levels by time:
     D:5: 258 daAuts
  Temple: 1 daAuts
